 Dungeon Crawl Stone Soup version 0.27-a0-95-g5a9077b8ae (webtiles) character file.

Game seed: 12909402190515012134

63 knot the Chopper (level 3, 0/43 HPs)
             Began as a Demonspawn Berserker on Jan 19, 2021.
             Was a Believer of Trog.
             Slain by a worm (12 damage)
             ... on level 2 of the Dungeon.
             The game lasted 00:01:23 (1129 turns).

knot the Chopper (Demonspawn Berserker)             Turns: 1129, Time: 00:01:23

Health: 0/43       AC:  2    Str: 23    XL:     3   Next: 89%
Magic:  3/3        EV: 12    Int: 11    God:    Trog [**....]
Gold:   42         SH:  0    Dex: 12    Spells: 2/2 levels left

rFire    . . .     SeeInvis .   a - +0 hand axe
rCold    . . .     Faith    .   (no shield)
rNeg     . . .     Spirit   .   b - +0 animal skin
rPois    .         Reflect  .   (no helmet)
rElec    .         Harm     .   (no cloak)
rCorr    .         Rampage  .   (no gloves)
Will     .....                  (no boots)
Stlth    ..........             (no amulet)
HPRegen  0.14/turn              g - +6 ring of strength
MPRegen  0.08/turn              h - ring of attention (curse)

@: berserking, very quick
A: powered by death 1, big brain 1
a: Renounce Religion, Berserk, Trog's Hand


You were on level 2 of the Dungeon.
You worshipped Trog.
Trog was pleased with you.
You visited 1 branch of the dungeon, and saw 2 of its levels.

You collected 42 gold pieces.

Inventory:

Hand Weapons
 a - a +0 hand axe (weapon)
Missiles
 d - 85 stones
Armour
 b - a +0 animal skin (worn)
Jewellery
 g - a +6 ring of strength (left hand)
 h - a cursed ring of attention (right hand)
Scrolls
 e - 3 scrolls of immolation {unknown}
 f - 2 scrolls of identify {unknown}
 i - a scroll of magic mapping {unknown}
Potions
 c - 2 potions of heal wounds {unknown}
 j - a potion of mutation {unknown}
 k - a potion of curing {unknown}


   Skills:
 - Level 3.0 Fighting
 + Level 4.4 Axes
 - Level 1.7 Armour
 - Level 1.7 Dodging


You had 2 spell levels left.
You didn't know any spells.
Your spell library was empty.

Dungeon Overview and Level Annotations

Branches:
Dungeon (2/15)

Altars:
Ashenzari


Innate Abilities, Weirdness & Mutations

You regenerate a little health from kills.
You have an unusually large brain. (Int +2)


Message History

The worm closely misses you.
You hit the worm.
The worm is lightly wounded.
The worm barely misses you.
You slash the worm!
The worm is heavily wounded.
The worm bites you.
You hit the worm.
The worm is severely wounded.
You hit the worm.
The worm is almost dead.
The worm bites you!
* * * LOW HITPOINT WARNING * * *
You are too injured to fight recklessly!
A red film seems to cover your vision as you go berserk!
You feel yourself moving faster!
You feel mighty!
You barely miss the worm.
The worm is almost dead.
The worm bites you!
You die...

## ## #.. .# ... .## #
.#..#+# ..###.# ...#.^.
..... ......w ...
###..w##†# #⌠.##+#@.⌠# #
#.........# ...
##.......####...# #####
#.......#...# #....
+..._...'...#.#.. #....
#.......#...#.#..##..>.
##.......#####..........
.
#.......................
#.
#⌠.##'##.⌠#.............


You could see 2 worms.

Vanquished Creatures
  2 adders (D:2)
  2 dart slugs
  3 giant cockroaches
  3 goblins (D:1)
  5 hobgoblins
  6 jackals
  A ball python (D:1)
  2 bats (D:1)
  3 frilled lizards
  8 kobolds
  4 rats
39 creatures vanquished.

Notes
Turn   | Place    | Note
-------+----------+-------------------------------------------
     0 | D:1      | knot the Demonspawn Berserker began the quest for the Orb.
     0 | D:1      | Reached XP level 1. HP: 18/18 MP: 1/1
    24 | D:1      | Reached skill level 3 in Axes
    29 | D:1      | Gained mutation: You regenerate a little health from kills.
                  | [demonic ancestry]
    29 | D:1      | Reached XP level 2. HP: 23/24 MP: 2/2
   364 | D:1      | Gained mutation: You have an unusually large brain. (Int
                  | +2) [demonic ancestry]
   364 | D:1      | Reached XP level 3. HP: 23/29 MP: 3/3
   663 | D:1      | Reached ** piety under Trog
   819 | D:2      | Reached skill level 4 in Axes
  1099 | D:2      | Found a broken altar of Ashenzari.
  1129 | D:2      | Slain by a worm

Illustrated notes

Levels and vault maps discovered:
D:1:      mainiacjoe_arrival_reflecting_pool, layout_rooms
D:2:      layout_rooms, lemuel_coloured_pillars_altar, evilmike_ruin_ashenzari

Skill      XL: |  1  2  3 |
---------------+----------+-----
Axes           | 3 4 |  4.4
Fighting       | |  3.0
Armour         | |  1.7
Dodging        | |  1.7

Action                   || total
-------------------------++-------
Melee: Hand axe          ||    92
Invok: Berserk           ||     4
Armor: Animal skin       ||    15
Dodge: Dodged            ||    78

Table legend: (Time is in decaauts)
 A = Elapsed time spent in this place.
 B = Non-inter-level travel time spent in this place.
 C = Inter-level travel time spent in this place.
 D = Time resting spent in this place.
 E = Time spent auto-exploring this place.
 F = Levels seen in this place.
 G = Mean time per level.
                   A        B        C        D        E       F      G
               +--------+--------+--------+--------+--------+-----+--------+
         Total |   1164 |   1144 |     20 |    612 |    362 |   2 |  582.0 |
       Dungeon |   1164 |   1144 |     20 |    612 |    362 |   2 |  582.0 |
               +--------+--------+--------+--------+--------+-----+--------+

Top non-repeatable levels by time:
     D:1: 777 daAuts
     D:2: 386 daAuts
